details: 'classic towa bo still imba'

« prev index next »

General information

Mini Map

Players

team 1
NightElfdiego_arcos_a (pink | 37 APM | 441 actions | 11:45)
Hero icon 3 Demon Hunter
Ability icon 2 Mana Burn
Ability icon 1 Immolation

» actions
Assign group hotkey9
Build / train38
ESC pressed2
Enter build submenu14
Enter hero's abilities submenu3
Right click140
Select / deselect121
Select group hotkey90
Use ability24
441 total
» units
Wisp20
Archer6
Huntress3
Glaive Thrower1
30 total
» upgrades
Strength of the Moon1
Reinforced Hides1
2 total
» buildings
Altar of Elders1
Moon Well5
Ancient of War2
Hunter's Hall1
Tree of Ages1
Ancient Protector1
Ancient of Lore3
Ancient of Wind1
15 total
» build order
00:05 Altar of Elders
00:18 Moon Well
00:27 Ancient of War
01:38 Moon Well
02:21 Ancient of War
02:40 Moon Well
03:43 Moon Well
04:03 Hunter's Hall
06:31 Tree of Ages
06:53 Ancient Protector
09:04 Ancient of Lore
09:37 Ancient of Lore
10:03 Ancient of Lore
10:32 Ancient of Wind
11:24 Moon Well
» items
Potion of Lesser Invulnerability1
1 total
team 2
Orcstentorian (yellow | 62 APM | 729 actions | 11:46)
Hero icon 2 Blademaster
Ability icon 1 Wind Walk
Ability icon 1 Critical Strike

» actions
Assign group hotkey42
Basic commands18
Build / train46
ESC pressed1
Enter build submenu19
Enter hero's abilities submenu2
Give item / drop item1
Right click328
Select / deselect114
Select group hotkey109
Use ability49
729 total
» units
Peon14
Troll Batrider10
Wind Rider3
27 total
» upgrades
Ranged Weapons2
Liquid Fire1
3 total
» buildings
Altar of Storms1
Voodoo Lounge1
Orc Burrow4
War Mill1
Watch Tower6
Stronghold1
Beastiary3
Fortress1
18 total
» build order
00:04 Altar of Storms
00:14 Voodoo Lounge
00:19 Orc Burrow
01:15 War Mill
01:42 Orc Burrow
02:40 Watch Tower
03:18 Watch Tower
03:21 Watch Tower
03:36 Watch Tower
03:58 Stronghold
04:44 Watch Tower
05:18 Watch Tower
05:21 Orc Burrow
06:22 Beastiary
06:24 Beastiary
06:32 Beastiary
06:35 Fortress
10:07 Orc Burrow
» items
Healing Salve2
Lesser Clarity Potion6
Boots of Speed1
Staff of Teleportation1
Potion of Lesser Invulnerability1
11 total